cohdb
Replays
Latest Replays
All Replays
Popular Replays
Top Player Replays
Match Explorer
How It Works
Community
CoH3 Stats
Reddit
Sign in to upload your games and track your stats! →
Sign in with Steam
Match 39196834
Unlisted
Match 39196834
Overview
Messages
Build Orders
End
Scout Squad
Construct Barracks
Selects Armored Battlegroup
Selects Veteran Crews
Riflemen Squad
1⁄4-ton 4x4 Truck
M1 Mortar Team
Riflemen Squad
Mechanized Support Center
Construct Weapon Support Center
Selects M31 Recovery Vehicle
M3 Armored Personnel Carrier
Construct Medical Station
M3 Armored Personnel Carrier
Designate Forward Repair Station
M1919 Machine Gun Team
Selects Strength in Steel
Construct Tank Depot
Selects War Machine
M4A1 Sherman Medium Tank
Engineer Squad
M4A1 Sherman Medium Tank
M4A1 76mm Conversion
M31 Recovery Vehicle
Selects Seek and Destroy
Selects UNKNOWN (2160077)
M4A1(76) Sherman Medium Tank
M18 Hellcat Tank Destroyer
M18 Hellcat Tank Destroyer
Improvised Armor
Seek and Destroy
Grenade Package
M18 Hellcat Tank Destroyer
STALKER4732
Riacu
zxcv
Stock is best property
Luckyman55
Kakamora
丶egg
喊乌拉的德棍123
0
0
Comments
sign in to comment!
No comments posted yet!